Map: Templo óseo EE

Players

batman

  • Race: Zerg Zerg
  • Spawn Location: 3:00

Zeer

  • Race: Terran Terran
  • Spawn Location: 1:00

Raavi

  • Race: Protoss Protoss
  • Spawn Location: 12:00

MrFercho - Winner!

  • Race: Zerg Zerg
  • League: Gold
  • Spawn Location: 6:00

tigro - Winner!

  • Race: Terran Terran
  • League: Bronze
  • Spawn Location: 7:00

TATORREA - Winner!

  • Race: Protoss Protoss
  • League: Gold
  • Spawn Location: 7:00

VOD

Have the link to the VOD?

Description

Time

  • Played on: July 23, 2020, 10:08 p.m.
  • Length: 9:00
Show
View Real Time Build Order
Export as new Build Order

batman Zerg 

Build Orders: Hatch First 

Get SALT Encoding   

  12  0:07  Drone  
  12  0:08  Drone  
  14  0:44  Overlord  
  14  0:59  Hatchery  
  13  1:07  Spawning Pool  
  12  1:18  Extractor  
  11  1:20  Extractor  
  11  1:24  Drone x3  
  13  1:35  Drone  
  14  2:01  Drone x2  
  16  2:11  Drone  
  17  2:20  Lair  
  17  2:24  Zergling x2  
  18  2:30  Zergling x2  
  18  2:31  Drone  
  18  2:32  Zergling x2  
  21  2:38  Metabolic Boost  
  21  2:41  Drone  
  21  2:42  Overlord  
  22  2:45  Zergling x2  
  23  2:54  Drone  
  23  2:55  Drone  
  25  3:02  Zergling x2  
  26  3:12  Drone x2  
  28  3:22  Drone  
  29  3:35  Hydralisk Den  
  29  3:40  Drone  
  29  3:41  Evolution Chamber, Drone x3  
  32  3:44  Evolution Chamber  
  30  4:01  Drone  
  30  4:02  Drone x3  
  34  4:05  Extractor, Muscular Augments  
  33  4:15  Zerg Missile Weapons Level 1  
  33  4:20  Zerg Melee Weapons Level 1  
  31  4:57  Overlord, Drone x3  
  31  4:58  Overlord  
  34  5:00  Queen  
  34  5:07  Overlord  
  36  5:15  Queen  
  36  5:16  Baneling Nest  
  36  5:17  Grooved Spines  
  36  5:18  Drone  
  36  5:19  Drone  
  39  5:22  Extractor  
  35  5:51  Zergling x6  
  35  5:52  Zergling x6  
  35  5:56  Hatchery  
  40  5:59  Centrifical Hooks  
  40  6:08  Hydralisk x2  
  40  6:09  Zerg Ground Armor Level 1  
  44  6:13  Hydralisk x2  
  44  6:15  Baneling  
  44  6:16  Baneling  
  44  6:17  Baneling  
  48  6:26  Hydralisk  
  48  6:28  Hydralisk  
  48  6:32  Hydralisk  
  54  6:42  Spine Crawler  
  54  6:45  Spine Crawler  
  52  6:48  Drone x2  
  54  6:54  Drone  
  54  6:55  Drone x2  
  38  7:17  Hydralisk  
  38  7:18  Zergling x4  
  25  7:32  Lair  
  25  7:36  Zergling x2, Hydralisk x2  
  30  7:38  Zergling x2  
  31  7:58  Drone  
  27  7:59  Drone x3  
Show
View Real Time Build Order
Export as new Build Order

Zeer Terran 

Build Orders:  

Get SALT Encoding   

  12  0:04  SCV  
  13  0:19  Supply Depot  
  13  0:22  SCV  
  14  0:34  SCV  
  15  0:46  Barracks  
  15  0:51  Refinery  
  15  0:53  SCV  
  15  0:55  Refinery  
  16  1:13  Supply Depot, SCV  
  17  1:25  SCV  
  18  1:38  Barracks Reactor  
  18  1:57  Command Center  
  18  2:02  SCV  
  19  2:14  SCV  
  20  2:17  Marine x2  
  22  2:34  Marine  
  22  2:35  Supply Depot, Marine  
  24  2:51  Factory  
  24  2:53  Marine x2  
  26  3:06  SCV  
  26  3:12  Marine  
  27  3:13  Marine  
  27  3:18  SCV  
  30  3:29  SCV  
  30  3:30  SCV  
  30  3:31  Refinery  
  32  3:41  SCV  
  32  3:46  Widow Mine  
  35  4:01  Starport  
  35  4:02  SCV  
  36  4:07  Widow Mine  
  38  4:19  SCV  
  39  4:29  Widow Mine  
  39  4:31  SCV  
  42  4:43  SCV  
  43  4:55  SCV  
  44  5:07  SCV  
  45  5:20  Refinery  
  45  5:30  Engineering Bay  
  45  5:36  Starport Reactor  
  45  5:45  Starport  
  45  5:49  Starport  
  37  6:05  Missile Turret  
  37  6:15  Hi-Sec Auto Tracking  
  37  6:20  SCV  
  38  6:26  Missile Turret  
  38  6:32  SCV  
  39  6:44  SCV  
  39  6:45  Starport Tech Lab x2  
  40  6:47  Missile Turret  
  40  6:56  SCV  
  40  6:57  Command Center  
  40  7:01  Starport Tech Lab  
  41  7:02  Missile Turret  
  41  7:09  SCV  
  41  7:11  Missile Turret  
  41  7:12  Supply Depot, Neosteel Armor  
  42  7:19  Banshee  
  42  7:22  Missile Turret  
  45  7:32  Missile Turret  
  45  7:38  Cloaking Field  
  45  7:41  Missile Turret  
  34  7:52  Missile Turret  
  34  7:57  Supply Depot  
  34  8:01  Missile Turret  
  34  8:19  Supply Depot  
  34  8:21  Missile Turret  
  12  8:42  Supply Depot, Missile Turret  
Show
View Real Time Build Order
Export as new Build Order

Raavi Protoss 

Build Orders: 1 Gate Expand 

Get SALT Encoding   

  1  0:00  Probe  
  12  0:05  Probe  
  14  0:20  Pylon  
  14  0:22  Probe  
  15  0:39  Gateway  
  15  1:06  Probe  
  15  1:09  Nexus  
  16  1:18  Probe  
  17  1:23  Pylon  
  17  1:26  Zealot  
  17  1:30  Probe  
  20  1:37  Assimilator  
  20  1:43  Assimilator  
  20  2:20  Zealot  
  22  2:26  Probe  
  22  2:28  Probe  
  24  2:34  Probe  
  24  2:37  Cybernetics Core  
  24  2:38  Probe  
  24  2:43  Probe  
  26  2:46  Probe  
  28  2:54  Probe  
  28  2:55  Probe  
  30  3:00  Pylon  
  30  3:06  Probe  
  30  3:08  Probe  
  32  3:20  Probe  
  32  3:21  Stalker  
  32  3:24  Forge  
  35  3:30  Stargate  
  35  3:32  Probe  
  36  3:38  Probe  
  37  3:41  Probe  
  38  3:49  Probe  
  38  3:50  Probe  
  38  3:51  Assimilator  
  38  3:54  Assimilator  
  40  3:58  Probe  
  40  4:00  Protoss Air Weapons Level 1  
  40  4:02  Probe  
  42  4:06  Zealot  
  42  4:07  Probe  
  44  4:13  Void Ray  
  44  4:14  Probe  
  44  4:15  Probe  
  51  4:24  Probe  
  51  4:26  Probe  
  53  4:36  Probe  
  54  4:41  Stargate  
  54  4:43  Stargate  
  54  5:01  Pylon  
  54  5:02  Pylon  
  54  5:03  Pylon  
  54  5:05  Pylon  
  54  5:06  Pylon  
  54  5:19  Probe x2  
  56  5:24  Fleet Beacon  
  56  5:31  Probe x2  
  58  5:43  Probe  
  53  6:15  Carrier x3  
  67  6:56  Mothership  
  75  7:11  Nexus  
  75  7:14  Assimilator  
  75  7:18  Assimilator  
  75  7:22  Pylon  
  73  7:23  Pylon  
  73  7:25  Pylon  
  67  7:50  Photon Cannon  
  67  7:52  Photon Cannon  
  67  7:55  Photon Cannon  
Show
View Real Time Build Order
Export as new Build Order

MrFercho Zerg - Winner!

Build Orders: Hatch First, Zergling Baneling 

Get SALT Encoding   

  12  0:16  Drone  
  12  0:21  Overlord  
  13  0:32  Drone  
  14  0:42  Drone  
  15  0:48  Drone  
  16  0:59  Drone  
  16  1:01  Hatchery  
  16  1:10  Drone  
  17  1:26  Extractor, Drone  
  17  1:31  Spawning Pool, Drone  
  17  1:42  Drone  
  18  1:53  Drone  
  19  2:03  Drone  
  20  2:20  Queen x2  
  20  2:22  Overlord  
  24  2:23  Overlord  
  24  2:26  Metabolic Boost  
  24  2:28  Drone x2  
  26  2:34  Drone  
  27  2:43  Drone  
  28  2:53  Drone x2  
  30  3:02  Drone x2  
  32  3:10  Baneling Nest  
  32  3:12  Drone x2  
  33  3:20  Zergling x2  
  33  3:21  Zergling x2  
  35  3:30  Zergling x6  
  38  3:36  Drone x4  
  42  3:46  Overlord  
  42  4:01  Drone  
  42  4:02  Drone  
  44  4:10  Zergling x12  
  44  4:12  Baneling x9  
  50  4:25  Hatchery  
  50  4:26  Drone  
  50  4:28  Overlord  
  50  4:52  Zergling x14  
  57  4:53  Zergling x4  
  59  5:03  Zergling x2  
  59  5:06  Overlord  
  60  5:32  Zergling x10  
  60  5:35  Overlord  
  65  5:36  Overlord x2  
  65  5:37  Overlord  
  65  5:42  Queen  
  67  6:14  Spore Crawler  
  67  6:16  Spore Crawler  
  65  6:20  Drone  
  66  6:26  Zergling x2  
  66  6:27  Zergling x26  
  80  6:37  Lair  
  73  7:17  Zergling x10  
  73  7:18  Zergling x28  
  73  7:22  Zergling x6  
  87  7:34  Zergling x6  
  89  7:41  Drone x4  
  89  7:42  Drone  
  93  7:53  Zergling x6  
  93  7:54  Zergling x6  
  98  8:03  Hatchery  
  96  8:11  Hatchery  
  94  8:25  Zergling x24  
  98  8:36  Overseer  
  98  8:38  Overseer  
Show
View Real Time Build Order
Export as new Build Order

tigro Terran - Winner!

Build Orders:  

Get SALT Encoding   

  12  0:13  SCV  
  13  0:24  Supply Depot  
  13  0:25  SCV  
  14  0:32  Refinery  
  14  0:38  SCV  
  15  0:47  Supply Depot  
  15  0:50  SCV  
  16  1:04  SCV  
  16  1:05  Barracks  
  17  1:16  SCV  
  18  1:28  SCV  
  19  1:34  Refinery  
  19  1:40  SCV  
  20  1:52  Marine  
  20  1:53  SCV  
  22  2:05  SCV  
  22  2:06  Factory  
  23  2:10  Marine  
  24  2:17  SCV  
  25  2:28  Marine  
  25  2:29  Orbital Command  
  26  2:37  Engineering Bay  
  26  2:45  Marine  
  26  2:50  Factory Tech Lab  
  27  3:00  Starport  
  27  3:03  Marine  
  28  3:11  Terran Infantry Weapons Level 1  
  28  3:25  Siege Tank  
  31  3:43  Medivac  
  31  3:45  Command Center  
  33  3:52  Barracks Tech Lab  
  33  4:11  Combat Shield  
  33  4:15  Marine  
  34  4:18  Starport Tech Lab  
  34  4:33  Marine  
  35  4:44  Siege Tank  
  38  4:51  Marine  
  39  5:01  Refinery  
  39  5:05  Terran Infantry Armor Level 1  
  39  5:06  SCV  
  40  5:09  Marine  
  41  5:18  SCV  
  42  5:26  Marine  
  43  5:30  SCV  
  44  5:42  SCV  
  45  5:52  Refinery  
  45  5:54  SCV  
  46  6:06  SCV  
  47  6:13  Missile Turret  
  47  6:18  SCV  
  47  6:20  Siege Tank  
  47  6:25  Marine  
  52  6:30  SCV  
  53  6:34  Missile Turret  
  53  6:43  Marine, SCV  
  55  6:48  Barracks  
  55  6:55  SCV  
  55  6:57  Stimpack  
  55  6:59  Hi-Sec Auto Tracking  
  55  7:01  Marine  
  57  7:03  Missile Turret  
  57  7:07  SCV  
  58  7:10  Medivac  
  60  7:18  Marine  
  60  7:19  SCV  
  61  7:36  Marine  
  51  7:51  Barracks Reactor  
  50  7:54  Marine  
  51  8:12  Marine  
  48  8:30  Marine  
Show
View Real Time Build Order
Export as new Build Order

TATORREA Protoss - Winner!

Build Orders:  

Get SALT Encoding   

  12  0:02  Probe  
  13  0:14  Probe  
  14  0:24  Pylon  
  14  0:26  Probe  
  15  0:42  Probe  
  16  0:48  Gateway  
  16  0:58  Probe  
  17  1:04  Assimilator  
  17  1:10  Probe  
  18  1:11  Pylon  
  18  1:23  Probe  
  19  1:35  Probe  
  20  1:45  Cybernetics Core  
  20  1:56  Zealot  
  20  1:58  Gateway  
  20  2:00  Gateway  
  22  2:04  Assimilator  
  22  2:21  Warp Gate  
  22  2:24  Zealot  
  24  2:40  Nexus  
  24  2:49  Twilight Council  
  24  2:53  Probe  
  24  2:54  Pylon  
  25  3:01  Charge  
  25  3:05  Probe  
  26  3:17  Zealot  
  26  3:18  Zealot  
  30  3:21  Zealot  
  32  3:33  Probe  
  33  3:41  Gateway  
  33  3:45  Probe  
  34  3:54  Robotics Facility  
  34  3:55  Probe  
  35  4:08  Probe x2  
  37  4:15  Stalker  
  39  4:17  Stalker  
  39  4:19  Sentry  
  39  4:21  Probe  
  44  4:24  Probe  
  45  4:35  Probe  
  45  4:36  Probe  
  45  4:38  Zealot  
  49  4:41  Zealot  
  51  4:47  Probe  
  51  4:48  Probe  
  53  4:53  Blink  
  53  5:07  Probe  
  54  5:17  Pylon  
  54  5:21  Pylon  
  54  5:35  Probe, Warp Prism  
  57  6:03  Stalker x3  
  57  6:04  Stalker  
  65  6:26  Probe  
  65  6:27  Probe  
  65  6:31  Assimilator  
  67  6:35  Assimilator  
  67  6:42  Probe  
  67  6:43  Probe  
  69  6:51  Nexus  
  69  6:53  Pylon  
  69  6:54  Probe  
  69  6:57  Pylon  
  70  7:06  Pylon  
  70  7:09  Pylon  
  70  7:11  Probe x2  
  72  7:16  Pylon  
  72  7:23  Pylon, Probe x2  
  72  7:25  Pylon  
  74  7:36  Gateway  
  74  7:37  Gateway  
  72  7:50  Stalker x3  
  72  7:51  Stalker  
  78  8:19  Stalker x2  
  74  8:20  Stalker x2  
  64  8:37  Stalker x2  
  50  8:48  Stalker x3  
  50  8:49  Stalker  
Tags
 
Add a new tag
Caveats
  • Supply blocks, unpowered buildings, or Contaminate may cause inaccurate times.
  • Supply counts are checked every 10 seconds.